 Dungeon Crawl Stone Soup version 0.26-a0-58-g79b31b8662 (webtiles) character file.

Game seed: 1983463012905407677

121 FabianWz the Magician (level 4, 0/24 HPs)
             Began as a Deep Elf Wizard on June 8, 2020.
             Killed from afar by a white imp (2 damage)
             ... with a puff of frost
             ... summoned by Natasha
             ... on level 3 of the Dungeon.
             The game lasted 00:24:17 (3800 turns).

FabianWz the Magician (Deep Elf Wizard)             Turns: 3800, Time: 00:24:18

Health: 0/24       AC:  3    Str:  5    XL:     4   Next: 76%
Magic:  1/14       EV: 13    Int: 25    God:
Gold:   173        SH:  0    Dex: 13    Spells: 7/15 levels left

rFire    . . .     SeeInvis .   m - +0 hunting sling
rCold    + . .     Gourm    .   (no shield)
rNeg     . . .     Faith    .   a - +0 robe
rPois    .         Spirit   .   b - +0 hat
rElec    .         Reflect  .   (no cloak)
rCorr    .         Harm     .   (no gloves)
MR       .....                  h - +0 pair of boots
Stlth    ++........             (no amulet)
HPRegen  0.08/turn              i - ring of protection from cold
MPRegen  0.14/turn              (no ring)

@: very slightly contaminated
A: hooves 1, clever 1
a: no special abilities


You were on level 3 of the Dungeon.
You were hungry.

You visited 1 branch of the dungeon, and saw 3 of its levels.

You collected 173 gold pieces.

Inventory:

Hand Weapons
 m - a +0 hunting sling (weapon)
Missiles
 k - 78 stones (quivered)
Armour
 a - a +0 robe (worn)
 b - a +0 hat (worn)
 g - a +0 robe
 h - a +0 pair of boots (worn)
Jewellery
 i - a ring of protection from cold (left hand)
Scrolls
 c - a scroll of blinking {unknown}
 f - a scroll of remove curse {unknown}
 l - a scroll of fear {unknown}
 n - a scroll of fog {unknown}
 q - a scroll of amnesia {unknown}
Potions
 e - 3 potions of heal wounds
 j - a potion of lignification
 p - a potion of curing {unknown}
Comestibles
 d - 3 rations


   Skills:
 - Level 2.4 Dodging
 - Level 2.4 Stealth
 * Level 6.1 Spellcasting
 + Level 2.4 Conjurations
 + Level 2.0 Hexes
   Level 1.1 Summonings
 + Level 2.2 Translocations


You had 7 spell levels left.
You knew the following spells:

 Your Spells              Type           Power        Failure   Level  Hunger
a - Magic Dart            Conj           ###.         2%          1    None
b - Slow                  Hex            ###.....     4%          2    None
c - Blink                 Tloc           N/A          4%          2    None
d - Conjure Flame         Conj/Fire      ##......     14%         3    None

Your spell library contained the following spells:

 Spells                   Type           Power        Failure   Level  Hunger
 Call Imp                 Summ           ##......     7%          2    None
 Mephitic Cloud           Conj/Pois/Air  ##......     16%         3    None


Dungeon Overview and Level Annotations

Branches:
Dungeon (3/15)

Altars:
Wu Jian

Annotations:
D:3 Natasha


Innate Abilities, Weirdness & Mutations

You have large cloven feet.
Your mind is acute. (Int +2)


Message History

Found a stone staircase leading up.
The adder is no longer moving slowly.
Natasha mumbles some strange words.
Casting: Magic Dart (safe; 2% risk of failure)
Confirm with . or Enter, or press ? or * to list all spells.
You blink.
A quokka comes into view.
Natasha casts a spell at you. The magic dart hits you!
* * * LOW HITPOINT WARNING * * *
The white imp shouts, "Out, out, thou surly spleeny wormtrail!"
Casting: Blink (safe; 4% risk of failure)
Confirm with . or Enter, or press ? or * to list all spells.
You blink.
Casting: Blink (safe; 4% risk of failure)
Confirm with . or Enter, or press ? or * to list all spells.
You blink.
The white imp gestures at you. The puff of frost hits you. You resist.
You die...

#.# #.# #.# #.## ..
#..# #.# ##.#. #.#
##..## ######.###
##.#.## #.@ยง.h...#
#.##...
.##.#.5..#.#####.##).
.'.....S.............
..##.#......#######...
... #.#......# ####..
.r #.#.####.# ##....#
. #.#.# #.# #.##.#.
#.... <.# #.#.### ##
### #.#..#.


You could see Natasha, an adder, a white imp (summoned) and a quokka (asleep).

Vanquished Creatures
  A scorpion (D:3)
  Terence (D:2)
  3 dart slugs
  A leopard gecko (D:1)
  A ball python (D:1)
  3 giant cockroaches
  4 goblins
  2 hobgoblins (D:1)
  4 jackals (D:1)
  A quokka (D:2)
  5 bats
  2 frilled lizards
  4 kobolds
  11 rats
43 creatures vanquished.

Notes
Turn   | Place    | Note
-------+----------+-------------------------------------------
     0 | D:1      | FabianWz the Deep Elf Wizard began the quest for the Orb.
     0 | D:1      | Reached XP level 1. HP: 10/10 MP: 7/7
   220 | D:1      | Reached XP level 2. HP: 15/15 MP: 4/9
   264 | D:1      | Learned a level 2 spell: Slow
   268 | D:1      | Learned a level 2 spell: Blink
   328 | D:1      | Reached skill level 5 in Spellcasting
  1519 | D:1      | Reached XP level 3. HP: 19/19 MP: 9/11
  1739 | D:2      | Reached skill level 1 in Hexes
  2193 | D:2      | Found an ornate altar of the Wu Jian Council.
  2382 | D:2      | Noticed Terence
  2798 | D:2      | Killed Terence
  2798 | D:2      | Reached XP level 4. HP: 20/24 MP: 0/13
  3200 | D:2      | Gained mutation: Your mind is acute. (Int +2) [potion of
                  | mutation]
  3200 | D:2      | Gained mutation: You have large cloven feet. [potion of
                  | mutation]
  3239 | D:3      | Learned a level 3 spell: Conjure Flame
  3445 | D:3      | Reached skill level 6 in Spellcasting
  3794 | D:3      | Noticed Natasha
  3800 | D:3      | Killed from afar by a white imp

Illustrated notes

Levels and vault maps discovered:
D:1:      onia_arrival_handbag, layout_loops_ring, minmay_misc_feat_roman,
          hex_large
D:2:      layout_basic, nicolae_overflow_crystal_walls, first_ration,
          uniq_terence
D:3:      layout_loops_corners, led_sif_pool, uniq_natasha

Skill      XL: |  1  2  3  4 |
---------------+-------------+-----
Spellcasting   | 5 6 |  6.1
Hexes          | 1 2 |  2.0
Conjurations   | 2 |  2.4
Translocations | 2 |  2.2
Dodging        | |  2.4
Stealth        | |  2.4
Summonings     | |  1.1

Action                   |  1- 3 |  4- 6 || total
-------------------------+-------+-------++-------
Melee: Unarmed           |     3 |       ||     3
       Hunting sling     |     1 |       ||     1
 Fire: Hunting sling     |     6 |       ||     6
 Cast: Magic Dart        |   122 |    20 ||   142
       Slow              |    13 |     6 ||    19
       Blink             |    13 |     5 ||    18
       Conjure Flame     |       |     3 ||     3
  Use: Scroll            |       |     4 ||     4
       Potion            |       |     1 ||     1
  Eat: Ration            |     1 |     1 ||     2
       Chunk             |     1 |       ||     1
Armor: Robe              |    17 |     1 ||    18
Dodge: Dodged            |    91 |     4 ||    95

Table legend:
 A = Non-vault XP
 B = Vault XP
 C = Vault XP percentage of total XP
 D = Non-vault monster count
 E = Vault monster count
 F = Vault count percentage of total count
                 A         B        C        D         E       F
            +---------+---------+-------+---------+---------+-------
      Total |     132 |      41 |  23.7 |      38 |       5 |  11.6
            +---------+---------+-------+---------+---------+-------
        D:1 |      37 |       5 |  11.9 |      20 |       4 |  16.7
        D:2 |      19 |      36 |  65.5 |      11 |       1 |   8.3
        D:3 |      76 |       0 |   0.0 |       7 |       0 |   0.0
            +---------+---------+-------+---------+---------+-------
